Cogmind - Beta 17 @@@ ROGUE MODE // 2026.06.27 @ 00:59:13 Player: Godsword Result: Destroyed by 1I-1D1(R) with Subdweller Machine Gun Performance ------------- Evolutions (0) 0 Regions Visited (2) 400 Robots Destroyed (12) 60 Value Destroyed (250) 250 Prototype IDs (1) 20 Alien Tech Used (0) 0 Bonus (6200) 6200 TOTAL SCORE: 6930 Bonus ------- Prayed to X0-1V1 5000 Major X0-1V1 Interference 1200 Cogmind --------- Core Integrity 0/150 Matter 93/500 Energy 72/100 System Corruption 0% Temperature Cool (2) Movement Core (200) Ox3 Location -10/Subcaves Parts ------- > --- POWER (1) -------- (None) > --- PROPULSION (2) --- (None) > --- UTILITY (2) ------ Terrain Scanner (fused) X0-1V1's Piety Tracker > --- WEAPON (2) ------- Rocket Launcher Rocket Launcher > --- INVENTORY (5) ---- Light Ion Engine Peak State ------------ > --- POWER ------------ (None) > --- PROPULSION ------- (None) > --- UTILITY ---------- Terrain Scanner X0-1V1's Piety Tracker > --- WEAPON ----------- Rocket Launcher Rocket Launcher > --- INVENTORY -------- Light Ion Engine Rocket Launcher Rocket Launcher [Rating: 18] Favorites ----------- Power None Propulsion None Utility Terrain Scanner Device Terrain Scanner Weapon Rocket Launcher Launcher Rocket Launcher Build | -11 -10 -10 ------- Run | Yrd Mat Sub Slots Evolved . | . . . Power . | . . . Propulsion . | . . . Utility . | . . . Weapon . | . . . Parts Attached 7 | . 3 4 Power . | . . . Engine . | . . . Core . | . . . Reactor . | . . . Propulsion . | . . . Treads . | . . . Leg . | . . . Wheel . | . . . Hover . | . . . Flight . | . . . Utility 2 | . 2 . Device 2 | . 2 . Storage . | . . . Processor . | . . . Hackware . | . . . Protection . | . . . Artifact . | . . . Weapon 5 | . 1 4 Energy Gun . | . . . Energy Cannon . | . . . Ballistic Gun . | . . . Ballistic Cannon . | . . . Launcher 5 | . 1 4 Special Weapon . | . . . Impact Weapon . | . . . Slashing Weapon . | . . . Piercing Weapon . | . . . Special Melee Weapon . | . . . Unidentified Prototypes 1 | . 1 . Parts Lost 3 | . 1 2 Power . | . . . Propulsion . | . . . Utility . | . . . Weapon 3 | . 1 2 Highest Loss Streak 2 | . 1 2 To Critical Strikes . | . . . Average Backups 3 | . 3 4 Power . | . 1 1 Propulsion . | . . . Utility . | . . . Weapon 2 | . 2 3 Tool/Special . | . . . Unused Backups 1 | . . 1 Power 1 | . . 1 Propulsion . | . . . Utility . | . . . Weapon . | . . . Tool/Special . | . . . Average Slot Usage (%) 23 | . 15 31 Device 20 | . 11 28 Launcher 3 | . 3 3 Peak Build Rating 18 | . 14 18 Average Rating 8 | . 1 14 On Entrance 4 | . . 14 Avg Prop Armor Cover (%) . | . . . Naked Turns 11 | . 11 . Heaviest Build 5 | . 5 2 Greatest Support 3 | 3 3 3 Greatest Overweight (x) 1 | . 1 . Average Overweight (x) . | . . . Largest Inventory Capacity 5 | 5 5 5 Average Capacity 5 | 5 5 5 Most Carried 5 | 1 5 5 Average Carried 3 | . 3 4 Final Capacity 5 | 5 5 5 Final Carried 5 | 1 5 1 Class Distribution -------------------- 100% | Mutant Dominant Class ---------------- Mutant | -10/Materials Mutant | -10/Subcaves Resources | -11 -10 -10 ----------- Run | Yrd Mat Sub Matter Collected 255 | 200 . 55 Remotely . | . . . Salvage Created 115 | . 20 95 Parts 17 | . 5 12 Haulers Intercepted . | . . . Recyclers Shooed . | . . . Parts Field Recycled . | . . . Retrieved Matter . | . . . Parts Self-Destructed 5 | . . 5 Prevented . | . . . Parts Restored . | . . . Kills | -11 -10 -10 ------- Run | Yrd Mat Sub Combat Hostiles Destroyed 12 | . 3 9 AOE 12 | . 3 9 Classes Destroyed 2 | . 1 1 Swarmer 8 | . 3 5 Subdweller 4 | . . 4 Best Kill Streak 7 | . 3 7 Combat Bots Only 7 | . 3 7 Max Kills in Single Turn 5 | . 2 5 Gunslinging . | . . . Exploded 5 | . 2 5 Melee . | . . . Uniques/NPCs Destroyed . | . . . Combat | -11 -10 -10 -------- Run | Yrd Mat Sub Hostile Shots Fired 21 | . 3 18 Missed 7 | . . 7 Hits 14 | . 3 11 Projectile 14 | . 3 11 AOE 2 | . . 2 Damage Taken 425 | . 109 316 Core 185 | . 25 160 Absorbed by Shields . | . . . Core Remaining (%) 100 | 100 . . Volleys Fired 11 | . 2 9 Largest 2 | . 1 2 Hottest 66 | . 33 66 Shots Fired 17 | . 2 15 Gun . | . . . Cannon . | . . . Launcher 17 | . 2 15 Special . | . . . Kinetic . | . . . Thermal . | . . . Explosive 17 | . 2 15 Electromagnetic . | . . . Robot Hit Streak 8 | . 1 8 Robot Miss Streak 1 | . 1 1 Penetration Max . | . . . Secondary Targets . | . . . Shots Hit Robots 13 | . 1 12 Core Hits 16 | . 2 14 Critical Kills . | . . . Critical Parts Destroyed . | . . . Critical Strikes . | . . . Melee Attacks . | . . . Impact . | . . . Slashing . | . . . Piercing . | . . . Sneak Attacks . | . . . Combat Hostiles . | . . . Follow-up Attacks . | . . . Damage Inflicted 1122 | . 161 961 Guns . | . . . Cannons . | . . . Explosions 1122 | . 161 961 Melee . | . . . Ramming . | . . . Kinetic . | . . . Thermal . | . . . Explosive 1122 | . 161 961 Electromagnetic . | . . . Impact . | . . . Slashing . | . . . Piercing . | . . . Highest Corruption . | . . . Average Corruption . | . . . Corruption Purged . | . . . Corruption Blocked . | . . . Overload Shots . | . . . Overflow Damage 31 | . 31 . Projectiles . | . . . Explosions 31 | . 31 . Melee . | . . . Knockbacks . | . . . Impact . | . . . Kinetic . | . . . Secondary . | . . . Self-Inflicted Damage 89 | . 89 . Shots 3 | . 3 . Rammed . | . . . Targets Rammed . | . . . Kicked . | . . . Crushed . | . . . Highest Temperature 7 | . 7 2 Average Temperature 4 | . 7 2 Received Heat Transfer . | . . . Siege Activations . | . . . Martial Activations . | . . . Shielding Activations . | . . . Robots Disrupted . | . . . Combat Hostiles . | . . . Robots Corrupted . | . . . Combat Hostiles . | . . . Parts Fried . | . . . Impact Corruptions . | . . . Robots Melted . | . . . Combat Hostiles . | . . . Parts Melted . | . . . Heat Transferred . | . . . Parts Sabotaged . | . . . Parts Stolen . | . . . Parts Stripped . | . . . Power Chain Reactions . | . . . Alert | -11 -10 -10 ------- Run | Yrd Mat Sub Maximum Alert Level . | . . . Low Security (%) 100 | 100 100 . Level 1 . | . . . Level 2 . | . . . Level 3 . | . . . Level 4 . | . . . Level 5 . | . . . High Security . | . . . Max Security . | . . . Peak Influence 102 | . 102 . Initial . | . . . Average 24 | . 28 . Influence Increases 202 | . 102 100 Destroy 0b10 Robot/C 160 | . 60 100 Destroy Leader 10 | . 10 . Disable Machine 15 | . 15 . Destroy Structure 17 | . 17 . Influence Decreases 112 | . 30 82 Entered New Map 36 | . . 36 Time Decay 56 | . 20 36 Lost Part 20 | . 10 10 Squads Dispatched . | . . . Investigation . | . . . Extermination . | . . . Reinforcement . | . . . Assault . | . . . Garrison . | . . . Intercept . | . . . Searches Triggered . | . . . Construction Impeded . | . . . Haulers Reinforced . | . . . Active Scanning Responses . | . . . Cargo Convoy Interrupts . | . . . Stealth | -11 -10 -10 --------- Run | Yrd Mat Sub Distress Signals 1 | . 1 . Communications Jammed . | . . . Distress Signals . | . . . Times Spotted 14 | . 3 11 Peak Tracking Total 5 | . 1 5 Tactical Retreats . | . . . Traps | -11 -10 -10 ------- Run | Yrd Mat Sub Traps Triggered 2 | . . 2 Indirectly . | . . . Trap Hack Attempts . | . . . Triggered . | . . . Disarmed . | . . . Reprogrammed . | . . . Reused . | . . . Traps Extracted . | . . . Installed . | . . . Triggered . | . . . Machines | -11 -10 -10 ---------- Run | Yrd Mat Sub Machines Disabled 1 | . 1 . Max in Single Turn 1 | . 1 . Machines Repaired . | . . . Machines Dismantled . | . . . Machines Sabotaged . | . . . Overloaded Fab Kills . | . . . Hacking | -11 -10 -10 --------- Run | Yrd Mat Sub Machines Accessed . | . . . Terminals . | . . . Fabricators . | . . . Repair Stations . | . . . Recycling Units . | . . . Scanalyzers . | . . . Garrison Access . | . . . Total Hacks . | . . . Successful . | . . . Failed . | . . . Catastrophic . | . . . Database Lockouts . | . . . Manual 4 | . 4 . Terminals . | . . . Fabricators . | . . . Repair Stations . | . . . Recycling Units . | . . . Scanalyzers . | . . . Garrison Access . | . . . Terminal Hacks . | . . . Fabricator Hacks . | . . . Repair Station Hacks . | . . . Recycling Unit Hacks . | . . . Scanalyzer . | . . . Garrison Access Hacks . | . . . Unauthorized Hacks . | . . . Terminals . | . . . Fabricators . | . . . Repair Stations . | . . . Recycling Units . | . . . Scanalyzers . | . . . Garrison Access . | . . . Data Cores Recovered . | . . . Used . | . . . Hacking Detections . | . . . Full Trace Events . | . . . Feedback Events . | . . . Feedback Blocked . | . . . Robot Schematics Acquired . | . . . Robots Built . | . . . Authchips . | . . . Time . | . . . Total Robot Build Rating . | . . . Part Schematics Acquired . | . . . Parts Built . | . . . Authchips . | . . . Time . | . . . Total Part Build Rating . | . . . Part Studies Acquired . | . . . Parts Repaired . | . . . Time . | . . . Parts Recycled . | . . . Recycled Matter . | . . . Retrieved Matter . | . . . Retrieved Components . | . . . Parts Scanalyzed . | . . . Part Schematics Acquired . | . . . Parts Damaged . | . . . Bothacking | -11 -10 -10 ------------ Run | Yrd Mat Sub Used RIF Installer . | . . . Robots Hacked . | . . . Non-combat . | . . . Combat . | . . . Robot Hacks Applied . | . . . Relay Couplers Released . | . . . Fabnet Peak Effective % . | . . . Robots Rewired . | . . . Allies Hacked . | . . . Hacks Repelled . | . . . Allies | -11 -10 -10 -------- Run | Yrd Mat Sub Total Allies . | . . . Largest Group . | . . . Highest-Rated Group . | . . . Highest-Rated Ally . | . . . Total Orders . | . . . Ally Attacks . | . . . Total Damage . | . . . Kills . | . . . Allies Corrupted . | . . . Allies Melted . | . . . X0-1V1 Amusement Gains 5 | . 5 . Good Acts 1 | . . 1 Bad Acts 7 | . . 7 Intel | -11 -10 -10 ------- Run | Yrd Mat Sub Active Infowar (turns) 228 | . 95 133 Terrain 228 | . 95 133 Robot Analysis Total . | . . . Derelict Logs Recovered 1 | . . 1 Drone Launches . | . . . Drone Recoveries . | . . . Exploration | -11 -10 -10 ------------- Run | Yrd Mat Sub Turns Passed 255 | 16 106 133 Spaces Moved 364 | 30 129 205 Core 364 | 30 129 205 Treads . | . . . Legs . | . . . Wheels . | . . . Hover . | . . . Flight . | . . . Fastest Speed 50 | 50 50 50 Average Speed 52 | 50 56 50 Slowest Speed 100 | 50 100 50 Overloaded Moves . | . . . Propulsion Burnouts . | . . . Robots Hopped . | . . . Potential Cave-ins . | . . . Cave-ins Triggered . | . . . Exploration Rate (%) 15 | 3 27 16 Regions Visited 2 Branch Regions 1 Pre-discovered Areas . | . . . Known Exits Taken . | . . . Unknown Exits Taken 2 | 1 1 . Scrap Searched . | . . . Spaces Dug 24 | . . 24 Terrain Destroyed 118 | . 15 103 Melee . | . . . Projectile . | . . . AOE 118 | . 15 103 Terrain Rammed . | . . . Walls Destroyed . | . . . Machines Disabled . | . . . Actions | -11 -10 -10 --------- Run | Yrd Mat Sub Total 410 | 30 158 222 Wait 20 | . 20 . Move 362 | 29 128 205 Hop . | . . . Pick Up 6 | 1 5 . Fast Attach 2 | . 2 . Attach 7 | . 1 6 Detach 2 | . . 2 Swap . | . . . Drop . | . . . Fire 11 | . 2 9 Melee . | . . . Ram . | . . . Kick . | . . . Crush . | . . . Escape Stasis . | . . . Rewire . | . . . Trap . | . . . Miscellaneous . | . . . Route ------- -11/Scrapyard -10/Materials -10/Subcaves History --------- Turn | Location | Event 5 | -11/Scrapyard | Discovered new exit (range 15) 17 | -11/Scrapyard | Entered Materials 119 | -10/Materials | Prayed at D.C.S.S. Altar Unit 121 | -10/Materials | Discovered new exit (range 4) 123 | -10/Materials | Entered Subcaves 124 | -10/Subcaves | Approached by a straggling Scientist 142 | -10/Subcaves | Learned Materials trap positions 165 | -10/Subcaves | Matter capacity permanently improved by X0-1V1 (+200; -100 max core) 207 | -10/Subcaves | Ambushed by Subdweller buried in earth 209 | -10/Subcaves | Ambushed by Subdweller buried in earth 242 | -10/Subcaves | X0-1V1 sent you into danger 248 | -10/Subcaves | Core integrity fell below 50% 251 | -10/Subcaves | X0-1V1 sent hostile S-10 Pest (x5) 251 | -10/Subcaves | Ambushed by Subdweller buried in earth 252 | -10/Subcaves | Core integrity fell below 20% 255 | -10/Subcaves | Ambushed by Subdweller buried in earth 256 | -10/Subcaves | Destroyed by 1I-1D1(R) with Subdweller Machine Gun Last Messages --------------- 00249_ 34-15Q(R) destroyed. 00251_ X0-1V1: "Some new friends to play with." S-10 Pest form resolidifies at new position. 00251_ S-10 Pest destroyed. 00251_ Rocket Launcher destroyed. 00252_ GP-94W(R): "ARGHSUB!" 00252_ Subatomizers dissect the Sub. Machine Gun. 00253_ The unstable cave ceiling collapses. 00253_ X0-1V1: "I know that drunk sailor look when I see it." 00255_ Lgt. Ion Engine fries itself beyond repair. 00256_ 1I-1D1(R): "ARGHSUB!" 00256_ X0-1V1: "The ol' switcheroo!" 1I-1D1(R) form resolidifies at new position. Form resolidifies at new position. GP-94W(R) form resolidifies at new position. 00256_ X0-1V1: "Big yawn energy here." Map ----- +----------------------------------------------------+ | ????## ###????????????????????????????????????? | | ###### ###??????????#?????????????????????????? | | ##### #####????????????????????????????????? | | ## ##????#?#????????#???????????????? | | #???????????????????????????????? | | # #???????????????????????????????? | | # ### "" ####??????????????? ????????????? | | ####### """ ########??######?????????????? | | ?#???# "" " ## ## #??# ###???????????? | | ?????## """" ##### ###?????????? | | ??????# ### ## # # # ##????????? | | ??????## ##?## ##### #????????? | | ???????## #???# #???# ?? | | ????????### ??## #???### ### # ## # #? | | ??????????# ???### ????###;;;; #?? ##????????? | | ??????????# ???? #???#;;;R;;##??? #?????????? | | ?? ???????## ???? #?###; ; #????? "#????????? | | ????????????###???# ### ;##### ?"" ???????? | | ???????????????????# # ??"# ???????? | | ????????????????????# ???? ????????? | | ????????????????????# | ;##?????????????? | | ????????????????????# & ###??????????????? | | ???????????????????## [[ #????????????????? | | ???????????????????# [# ##????????????????? | | ???????????????????# R [= #?????????????????? | | ???????????????????# @ ####?????????????????? | | ???????????????????## #????????????????????? | | ???????????????????# # ##????#??????????????? | | ??????????????????# # ######????????????????????? | | ????????????????? ?##??????????????????????????? | | ??????????????? ???????????????????????????????? | | ??????????????# ????????????????????????????????? | | ??????????????#??????????????????????????????????? | | ?????????????????????????????????????????????????? | | ?????????????????????????????????????????????????? | | ?????????????????????????????????????????????????? | | ?????????????????????????????????????????????????? | | ?????????????????????????????????????????????????? | | ?????????????????????????????????????????????????? | | ?????????????????????????????????????????????????? | | ?????????????????????????????????????????????????? | | ?????????????????????????????????????????????????? | | ?????????????????????????????????????????????????? | | ?????????????????????????????????????????????????? | | ?????????????????????????????????????????????????? | | ?????????????????????????????????????????????????? | | ?????????????????????????????????????????????????? | | ?????????????????????????????????????????????????? | | ?????????????????????????????????????????????????? | | ?????????????????????????????????????????????????? | +----------------------------------------------------+ Best States ------------- Heat Dissipation 25 Energy Generation 5 Energy Capacity 100 Matter Stores 308 Matter Capacity 500 Sight Range 16 Terrain Scan Range 14 Terrain Scan Density 10 Evasion (%) 50 Item Schematics ----------------- None Robot Schematics ------------------ None Fabricated ------------ Nothing Repaired ---------- Nothing Studied --------- None Alien Tech Used ----------------- None Achievements -------------- None Challenges ------------ None Game ------ Seed AnalysisBombStabilizer Manual? 0 Play Time 00:06:42 Cumulative 44.5 hours Start 2026.06.27 @ 00:54:35 End 2026.06.27 @ 00:59:13 Sessions 1 Manual Loads 0 Difficulty Rogue Special Mode None Game No. 103 Rogue 103 Adventurer 0 Explorer 0 Win Type - Total 4 Types 3/0/0/1/0/0/0/0/0/0 Lore% 41 Gallery% 37 Achievement% 40 Wizard Run 0 Options --------- Layout 1 ASCII 0 Keyboard 0 Movement Arrows Keybinds 0 Fullscreen 1 Font 16/SmallcapsGlow Map View 50x40 Zoom Use 0% Tactical HUD 1 Map Filters NONE Filters NONE Steam SD RUN: 821e008a-0ee0-448e-bc37-7fb298aaa070